 Dungeon Sprint DCSS version 0.20.0-10-g0535bb4 (webtiles) character file.

137 Amianthus the Grappler (level 5, -2/57 HPs)
             Began as a Troll Fighter on June 3, 2017.
             Killed from afar by a deep elf mage (24 damage)
             ... with a bolt of magma
             ... in the Dungeon (Sprint III: "The Ten Rune Challenge").
             The game lasted 00:01:05 (226 turns).

Amianthus the Grappler (Troll Fighter)               Turns: 226, Time: 00:01:06

Health: -2/57      AC:  6    Str: 25    XL:     5   Next: 0%
Magic:  4/4        EV:  8    Int:  4    God:
Gold:   23         SH:  8    Dex:  9    Spells: 4/4 levels left

rFire    + . .     SeeInvis .     - Unarmed
rCold    . . .     Gourm    +   b - +0 shield
rNeg     . . .     Faith    .   a - +0 robe
rPois    .         Spirit   .   (helmet restricted)
rElec    .         Reflect  .   k - +0 cloak
rCorr    .         Harm     .   (gloves unavailable)
MR       .....     NoTele   +   (boots unavailable)
Stlth    +.........             (no amulet)
Regen    0.6/turn               (no ring)
MPRegen  0.1/turn               (no ring)

@: no status effects
A: unfitting armour, antennae 1, claws 3, fire resistance 1, fast metabolism 3,
gourmand, regeneration 1, shaggy fur 1, tough skin 2
a: no special abilities


You were in the Dungeon.
You were full.

You visited 1 branch You collected 23 gold pieces.

Inventory:

Armour
 a - a +0 robe (worn)
 b - a +0 shield (worn)
 k - a +0 cloak (worn)
Scrolls
 j - a scroll of blinking
 m - a scroll of holy word {unknown}
 n - a scroll of fog {unknown}
 o - 3 scrolls of remove curse
 q - a scroll of torment {unknown}
 r - a scroll of identify {unknown}
Potions
 c - a potion of might
 e - a potion of curing
 f - 2 potions of heal wounds
 h - 3 potions of magic
 i - a potion of berserk rage
 t - a potion of agility {unknown}
Comestibles
 d - 3 bread rations
 p - a royal jelly
 s - a meat ration


   Skills:
 + Level 5.3 Fighting
 - Level 2.4 Dodging
 - Level 2.4 Shields
 * Level 8.3 Unarmed Combat


You had 4 spell levels left.
You didn't know any spells.

Dungeon Overview and Level Annotations

Branches:
Dungeon (1/1)

Altars:
Elyvilon
Zin
The Shining One


Innate Abilities, Weirdness & Mutations

You are too large for most types of armour.
You have claws for hands.
Your metabolism is lightning-fast.
You like to eat raw meat.
Your natural rate of healing is unusually fast.
You are covered in fur. (AC +1)
You have very tough skin. (AC +2)
You have a pair of small antennae on your head.
Your flesh is heat resistant. (rF+)


Message History

You mangle the deep elf mage!!
The deep elf mage is severely wounded.
The deep elf mage hits you with a long sword of holy wrath.
You barely miss the deep elf mage.
The deep elf mage is severely wounded.
You recover from your berserk rage.
The deep elf mage gestures wildly while chanting.
The deep elf mage blinks!
The deep elf mage casts a spell at you. The bolt of magma hits you!
You partially resist.
Ouch! That really hurt!
The deep elf mage points at you and mumbles some strange words.
You block the stone arrow.
The deep elf mage mumbles some strange words.
There is an open door here.
You closely miss the deep elf mage.
The deep elf mage is severely wounded.
The deep elf mage gestures at you while chanting.
The bolt of magma hits you! You partially resist.
You die...

▓▓▓▓ ▓▓▓ [..####
##.#####
......#####..#___#
....)..#..#..#...#
#.##...#..#..###@#+###+#
#.###..##'#..#...e......
##.##..###...'.⌠........
..##..####...#..E######+
..##..###....#.⌠.#
.##...##.....#...#
##....#).....#+###
##..##.#.....# #..
####....#


You could see an earth elemental and a deep elf mage.

Vanquished Creatures
  A water elemental (D)
  Crazy Yiuf (D)
  Jessica (D)
  A human (D)
  An ooze (D)
  2 rats (D)
7 creatures vanquished.

Vanquished Creatures (others)
  5 hellions (D)
5 creatures vanquished.

Grand Total: 12 creatures vanquished

Notes
Turn   | Place    | Note
-------+----------+-------------------------------------------
     0 | D        | Amianthus the Troll Fighter began the quest for the Orb.
     0 | D        | Reached XP level 1. HP: 22/22 MP: 0/0
    18 | D        | Reached skill level 3 in Unarmed Combat
    37 | D        | Noticed Jessica
    40 | D        | Killed Jessica
    40 | D        | Reached skill level 5 in Unarmed Combat
    40 | D        | Reached XP level 2. HP: 32/32 MP: 1/1
    40 | D        | Reached XP level 3. HP: 39/39 MP: 2/2
    51 | D        | Noticed Crazy Yiuf
    51 | D        | Killed a hellion
    63 | D        | Reached skill level 6 in Unarmed Combat
    65 | D        | Killed Crazy Yiuf
    65 | D        | Reached XP level 4. HP: 11/49 MP: 3/3
   127 | D        | Killed a hellion
   172 | D        | Killed a hellion
   173 | D        | Noticed a water elemental
   176 | D        | Killed a water elemental
   176 | D        | Reached skill level 5 in Fighting
   176 | D        | Reached skill level 8 in Unarmed Combat
   176 | D        | Reached XP level 5. HP: 57/57 MP: 4/4
   204 | D        | Killed a hellion
   214 | D        | Gained mutation: Your body sometimes deteriorates upon taking damage. [potion of mutation]
   214 | D        | Gained mutation: You are dopey. (Int -2) [potion of mutation]
   214 | D        | Gained mutation: You tend to lose your temper in combat. [potion of mutation]
   214 | D        | Gained mutation: You have a pair of small horns on your head. [potion of mutation]
   215 | D        | Lost mutation: You have a pair of small horns on your head. [potion of mutation]
   215 | D        | Lost mutation: Your body sometimes deteriorates upon taking damage. [potion of mutation]
   215 | D        | Lost mutation: You tend to lose your temper in combat. [potion of mutation]
   215 | D        | Lost mutation: You are dopey. (Int -2) [potion of mutation]
   215 | D        | Gained mutation: Your flesh is heat resistant. (rF+) [potion of mutation]
   215 | D        | Gained mutation: You have a pair of small antennae on your head. [potion of mutation]
   217 | D        | Found a glowing silver altar of Zin.
   217 | D        | Found a glowing golden altar of the Shining One.
   217 | D        | Found a white marble altar of Elyvilon.
   218 | D        | Noticed a deep elf mage
   225 | D        | Killed a hellion
   226 | D        | Killed from afar by a deep elf mage

Skill      XL: |  1  2  3  4 |
---------------+-------------+-----
Fighting       | 3 4 5 |  5.3
Unarmed Combat | 5 6 8 |  8.3
Dodging        | |  2.4
Shields        | |  2.4

Action                   |  1- 3 |  4- 6 || total
-------------------------+-------+-------++-------
Melee: Unarmed           |    21 |     5 ||    26
  Use: Potion            |     1 |     3 ||     4
  Eat: Chunk             |     1 |     4 ||     5
Armor: Robe              |     4 |       ||     4
Dodge: Dodged            |     4 |       ||     4
Block: Shield            |     7 |     1 ||     8
